 Dungeon Crawl Stone Soup version 0.31-a0-237-g2d982f9f85 (webtiles) character file.

Game seed: 377643908470183838

237 qw the Shooter (level 6, -3/35 HPs)
             Began as a Gargoyle Hexslinger on July 11, 2023.
             Slain by an orc
             ... wielding a +0 hand axe
              (6 damage)
             ... on level 4 of the Dungeon.
             The game lasted 00:01:03 (2867 turns).

qw the Shooter (Gargoyle Hexslinger)                Turns: 2867, Time: 00:01:03

Health: -3/35      AC:  9    Str: 12    XL:     6   Next: 6%
Magic:  7/7        EV: 10    Int: 13    God:
Gold:   121        SH:  0    Dex: 14    Spells: 6/7 levels left

rFire   . . .        Y - +1 sling
rCold   . . .        (no shield)
rNeg    + . .        b - +0 ring mail
rPois   inf          (no helmet)
rElec   +            (no cloak)
rCorr   .            (no gloves)
SInv    .            (no boots)
Will    .....        (no amulet)
Stlth   +            (no ring)
HPRegen 0.25/turn    (no ring)
MPRegen 0.10/turn

%: no passive effects
@: no status effects
A: sickness immunity, AC +4, negative energy resistance 1, electricity
resistance, torment resistance 1, petrification resistance
a: no special abilities


You were on level 4 of the Dungeon.
You visited 1 branch of the dungeon, and saw 4 of its levels.

You collected 121 gold pieces.


Innate Abilities, Weirdness & Mutations

You are immune to sickness and miasma.
Your stone body is resilient. (AC +4)
You are immune to poison.
You resist negative energy. (rN+)
You are resistant to electric shocks. (rElec)
You are resistant to unholy torment.
You are immune to petrification.


   Skills:
 + Level 2.0 Fighting
 - Level 5.7 Ranged Weapons
 - Level 1.2 Armour
 - Level 1.5 Dodging
 - Level 1.0 Spellcasting
 - Level 2.6 Hexes


You had 6 spell levels left.
You knew the following spells:

 Your Spells              Type           Power      Damage    Failure   Level
a - Slow                  Hex            28%        N/A       22%         1

Your spell library contained the following spells:

 Spells                   Type           Power      Damage    Failure   Level
 Inner Flame              Hex/Fire       4%         N/A       73%         3
 Portal Projectile        Hex/Tloc       8%         N/A       73%         3
 Cause Fear               Hex            3%         N/A       91%         4

Inventory:

Hand Weapons
 Y - a +1 sling (weapon)
Armour
 b - a +0 ring mail (worn)
Scrolls
 g - a scroll of identify
Potions
 a - a potion of haste
 d - 4 potions of curing
 e - a potion of attraction {unknown}
 h - a potion of lignification {unknown}
 j - a potion of mutation {unknown}

Dungeon Overview and Level Annotations

Branches:
Dungeon (4/15)
 Temple: D:4-7

Altars:
Makhleb


Message History

The orc priest mumbles some strange prayers to Beogh against you.
Beogh smites you!
You hear a shout!
2858 ||| Stepping ~*~*~tactically~*~*~ (outnumbered).
You hear an angry hiss.
You start resting.
An orc priest is nearby!
You shoot a sling bullet.
The sling bullet barely misses the orc priest.
You shoot a sling bullet.
The sling bullet closely misses the orc priest.
The orc priest hits you but does no damage.
You shoot a sling bullet.
The sling bullet barely misses the orc priest.
You hear a shout!
The orc priest closely misses you.
You shoot a sling bullet.
The sling bullet closely misses the orc priest.
The orc priest closely misses you.
You shoot a sling bullet.
The sling bullet closely misses the orc priest.
The orc priest hits you with a +0 hand axe. x2
An orc comes into view. It is wielding a +0 hand axe.
You shoot a sling bullet.
The sling bullet barely misses the orc priest.
The orc priest invokes the aid of Beogh against you.
Beogh smites you!
An orc comes into view. It is wielding a +0 flail.
You shoot a sling bullet.
The sling bullet barely misses the orc priest.
The sling bullet hits the orc but does no damage.
The orc priest looks encouraged for a moment.
An orc comes into view. It is wielding a +0 flail.
The orc shouts!
You shoot a sling bullet. The sling bullet hits the orc priest.
The orc priest is moderately wounded.
A quokka comes into view.
The orc priest mumbles some strange prayers to Beogh against you.
Pain shoots through your body! The orc hits you with a +0 hand axe.
You die...

#..#.
#..#.
.... #
#..#.#
#..#.#.#
#.....
###o.#
#<@oo#
####o#
.r. .###
o. ..
... .##


You could see an orc priest, 3 orcs and a quokka (wandering).

Vanquished Creatures
  A black bear (D:3)
  Natasha (D:2)
  5 adders
  3 worms
  2 dart slugs
  2 orcs (D:3)
  4 endoplasms
  2 giant cockroaches
  5 goblins
  3 hobgoblins
  7 jackals
  A kobold (D:3)
  A quokka (D:1)
  8 ball pythons
  6 bats
  A frilled lizard (D:1)
  9 rats
61 creatures vanquished.

Notes
Turn   | Place    | Note
-------+----------+-------------------------------------------
     0 | D:1      | qw the Gargoyle Hexslinger began the quest for the Orb.
     0 | D:1      | Reached XP level 1. HP: 12/12 MP: 2/2
     0 | D:1      | 0 ||| qw: Version: 0.3-a-52-g30416fa
     0 | D:1      | 0 ||| qw: Game counter: 5410
     0 | D:1      | 0 ||| qw: Melee chars always use a shield: true
     0 | D:1      | 0 ||| qw: God list: Okawaru
     0 | D:1      | 0 ||| qw: Allow faded altars: false
     0 | D:1      | 0 ||| qw: Do Orc after clearing Dungeon:15 true
     0 | D:1      | 0 ||| qw: Do second Lair branch before Depths: true
     0 | D:1      | 0 ||| qw: Lair rune preference: random
     0 | D:1      | 0 ||| qw: Goals: Normal
     0 | D:1      | 0 ||| PLANNING D:1-11
   168 | D:1      | Reached XP level 2. HP: 16/16 MP: 3/3
   234 | D:1      | Found a faded altar of an unknown god.
   251 | D:1      | Reached skill level 3 in Ranged Weapons
   536 | D:1      | Reached XP level 3. HP: 19/21 MP: 4/4
   841 | D:1      | 841 ||| READING 2 scrolls labelled OWKUDIVYTA.
   842 | D:1      | 842 ||| READING scroll labelled CICIVY GAEWNAI.
   843 | D:1      | 843 ||| DRINKING 3 golden potions.
   844 | D:1      | 844 ||| DRINKING 2 blue potions.
   845 | D:1      | 845 ||| DROPPING scroll of blinking.
   846 | D:1      | 846 ||| DROPPING scroll of poison.
  1735 | D:2      | Noticed Natasha
  1744 | D:2      | HP: 4/21 [cerulean imp/+0 spear[Natasha] (5)]
  1744 | D:2      | HP: 1/21 [cerulean imp/+0 spear[Natasha] (3)]
  1745 | D:2      | 1745 ||| DRINKING potion of heal wounds.
  1751 | D:2      | Killed Natasha
  1752 | D:2      | Reached skill level 4 in Ranged Weapons
  1752 | D:2      | Reached XP level 4. HP: 19/26 MP: 5/5
  1817 | D:2      | 1817 ||| UPGRADING to +0 ring mail.
  1827 | D:2      | 1827 ||| DROPPING +0 robe.
  1828 | D:2      | 1828 ||| READING scroll labelled HEESOQ ESICWABO.
  1829 | D:2      | 1829 ||| READING scroll labelled ABRI PUUKO.
  1830 | D:2      | 1830 ||| DRINKING 2 viscous red potions.
  1866 | D:3      | 1866 ||| FLEEEEING.
  1867 | D:3      | 1867 ||| FLEEEEING.
  1868 | D:3      | 1868 ||| FLEEEEING.
  1869 | D:3      | 1869 ||| STAIRDANCE
  1892 | D:3      | 1892 ||| STAIRDANCE
  1946 | D:3      | Reached skill level 1 in Armour
  2075 | D:3      | Reached XP level 5. HP: 30/30 MP: 6/6
  2475 | D:3      | Found a burning altar of Makhleb.
  2558 | D:3      | Noticed a black bear
  2575 | D:3      | HP: 6/30 [black bear (3)]
  2576 | D:3      | Killed a black bear
  2577 | D:3      | Reached skill level 5 in Ranged Weapons
  2577 | D:3      | Reached XP level 6. HP: 7/35 MP: 7/7
  2801 | D:3      | 2801 ||| READING scroll labelled EVEAGROOCW.
  2802 | D:3      | 2802 ||| READING scroll labelled FUCLUH OLEANAIQU.
  2803 | D:3      | 2803 ||| READING 2 scrolls of identify.
  2803 | D:3      | 2803 ||| IDENTIFYING fizzy brown potion
  2804 | D:3      | 2804 ||| DROPPING potion of magic.
  2856 | D:4      | 2856 ||| Stepping ~*~*~tactically~*~*~ (outnumbered).
  2858 | D:4      | 2858 ||| Stepping ~*~*~tactically~*~*~ (outnumbered).
  2867 | D:4      | HP: 3/35 [orc priest/nerve-wracking pain (7)]
  2867 | D:4      | Slain by an orc

Levels and vault maps discovered:
D:1:      sevenhm_arrival_forest_fort_large_2, layout_loops_cross,
          hellmonk_ecumenical_altar_blasted, minivault_27,
          minmay_small_reverse_x
D:2:      layout_loops_corners, uniq_natasha, uniq_crazy_yiuf_cottage
D:3:      layout_loops_ring, lightli_temple_of_fire
D:4:      layout_basic, nemelex_xobeh_ov_fountains_minmay, trog_butcher_becter,
          nicolae_overflow_hidden_temple, biasface_ghost_orc_armoury,
          uniq_sigmund, uniq_edmund

Skill      XL: |  1  2  3  4  5 |
---------------+----------------+-----
Ranged Weapons | 3 4 5 |  5.7
Fighting       | 2 |  2.0
Armour         | 1 |  1.2
Dodging        | |  1.5
Spellcasting   | |  1.0
Hexes          | |  2.6

Action                     |  1- 3 |  4- 6 || total
---------------------------+-------+-------++-------
   Fire: Sling             |   145 |   112 ||   257
    Use: Potion            |     3 |     1 ||     4
         Scroll            |     2 |     5 ||     7
 Armour: Robe              |    38 |       ||    38
         Ring mail         |       |    53 ||    53
  Dodge: Dodged            |    89 |    65 ||   154

Table legend:
 A = Non-vault XP
 B = Vault XP
 C = Vault XP percentage of total XP
 D = Non-vault monster count
 E = Vault monster count
 F = Vault count percentage of total count
                 A         B        C        D         E       F
            +---------+---------+-------+---------+---------+-------
      Total |     297 |      42 |  12.4 |      56 |       5 |   8.2
            +---------+---------+-------+---------+---------+-------
        D:1 |      28 |       6 |  17.6 |      17 |       4 |  19.0
        D:2 |      44 |      36 |  45.0 |      15 |       1 |   6.2
        D:3 |     225 |       0 |   0.0 |      24 |       0 |   0.0
            +---------+---------+-------+---------+---------+-------
